 Dungeon Crawl Stone Soup version 0.19-a0-1002-g674d22e (webtiles) character file.

945 ololoev the Ruffian (level 7, 0/67 HPs)
             Began as a Troll Gladiator on July 18, 2016.
             Slain by Duvessa
             ... wielding a +2 short sword of freezing
              (1 damage)
             ... on level 5 of the Dungeon.
             The game lasted 00:07:24 (3146 turns).

ololoev the Ruffian (Troll Gladiator)               Turns: 3146, Time: 00:07:25

Health: 0/67       AC:  5    Str: 23 (25) XL:     7   Next: 89%
Magic:  0/6        EV: 11    Int:  3 (4)  God:
Gold:   118        SH:  0    Dex:  8 (11) Spells: 0 memorised, 6 levels left

rFire  . . .     SeeInvis .       - Unarmed
rCold  + . .     Gourm    +     a - +0 robe
rNeg   . . .     Faith    .     (no shield)
rPois  .         Spirit   +     o - +0 hat
rElec  .         Dismiss  .     (no cloak)
rCorr  .         Reflect  .     (gloves unavailable)
SustAt .         Harm     .     (boots unavailable)
MR     .....                    i - amulet of guardian spirit
Stlth  +.........               (no ring)
                                u - ring of protection from cold

@: not resistant to hostile enchantments, very unstealthy
A: unfitting armour, claws 3, fast metabolism 3, gourmand, regeneration 2,
shaggy fur 1, tough skin 2
a: no special abilities


Innate Abilities, Weirdness & Mutations

You are too large for most types of armour.
You have claws for hands.
Your metabolism is lightning-fast.
You like to eat raw meat.
You heal very quickly.
You are covered in fur. (AC +1)
You have very tough skin. (AC +2)

Inventory:

Hand Weapons
 b - a +0 blowgun
Missiles
 c - 3 throwing nets (quivered)
Armour
 a - a +0 robe (worn)
 j - a +0 large shield
 o - a +0 hat (worn)
Jewellery
 i - an amulet of guardian spirit (around neck)
 u - a ring of protection from cold (left claw)
 y - an uncursed amulet of faith
Scrolls
 e - 3 scrolls of identify {unknown}
 f - a scroll of immolation
 k - a scroll of enchant armour {unknown}
 l - a scroll of enchant weapon {unknown}
 n - a scroll of blinking {unknown}
 p - a scroll of teleportation {unknown}
 r - a scroll of fear {unknown}
 t - a scroll of magic mapping {unknown}
 v - 4 scrolls of remove curse {unknown}
 w - a scroll of random uselessness {unknown}
Potions
 g - 2 potions of curing
 h - 3 potions of degeneration
 m - a potion of ambrosia {unknown}
 q - a potion of heal wounds {unknown}
 s - a potion of flight {unknown}
Comestibles
 d - 6 bread rations


   Skills:
 + Level 3.3 Fighting
 + Level 3.7 Throwing
 + Level 3.9 Dodging
 + Level 2.7 Shields
 * Level 6.0 Unarmed Combat


You had 6 spell levels left.
You didn't know any spells.


You were on level 5 of the Dungeon.
You were completely stuffed.

You visited 1 branch of the dungeon, and saw 5 of its levels.

You collected 118 gold pieces.

#### ###############...
#....(..........##
#@################
#e#.............##
.e......#.##.........###
..e...###.#..........###
#############.##...)).......
####>.................)........
#..........#########.####......
#..........'...................
#..........#########.####..####

Notes
Turn   | Place    | Note
-------+----------+-------------------------------------------
     0 | D:1      | ololoev the Troll Gladiator began the quest for the Orb.
     0 | D:1      | Reached XP level 1. HP: 19/19 MP: 0/0
   127 | D:1      | Reached XP level 2. HP: 19/27 MP: 1/1
   522 | D:2      | Reached XP level 3. HP: 35/35 MP: 2/2
   784 | D:2      | Noticed Natasha
   852 | D:2      | Noticed Sigmund
   910 | D:2      | Killed Natasha
   974 | D:2      | Noticed Natasha
  1019 | D:2      | Killed Natasha
  1019 | D:2      | Reached XP level 4. HP: 25/42 MP: 3/3
  1121 | D:2      | Killed Sigmund
  1121 | D:2      | Reached skill level 1 in Shields
  1121 | D:2      | Reached skill level 4 in Unarmed Combat
  1121 | D:2      | Reached XP level 5. HP: 29/50 MP: 1/4
  1388 | D:3      | Reached XP level 6. HP: 59/59 MP: 5/5
  2069 | D:4      | Found Figgirchi's Antique Armour Shop.
  2446 | D:4      | Reached skill level 5 in Unarmed Combat
  2463 | D:4      | Reached XP level 7. HP: 30/66 MP: 4/6
  2584 | D:5      | Entered Level 5 of the Dungeon
  2846 | D:5      | Noticed Grinder
  2855 | D:5      | Paralysed by Grinder for 4 turns
  2878 | D:5      | Paralysed by Grinder for 6 turns
  2885 | D:5      | Killed Grinder
  3020 | D:5      | jacquesderrida: *peeeeeeeeeeeeeeeeeeeeeep*
  3028 | D:5      | ololoev: yo mann!
  3028 | D:5      | jacquesderrida: OOPS SORY BOWEL MOVEMENTS
  3054 | D:5      | jacquesderrida: YOOOOOOOOOOOOOOOOOO
  3116 | D:5      | Noticed Duvessa
  3116 | D:5      | Noticed Dowan
  3128 | D:5      | Killed Dowan
  3128 | D:5      | Reached skill level 6 in Unarmed Combat
  3130 | D:5      | jacquesderrida: Ай, лелеев....
  3130 | D:5      | ololoev: ya zdelal DD jiyva
  3130 | D:5      | ololoev: teper ya nemnogo dodik
  3145 | D:5      | HP: 3/67 [Duvessa/short sword of freezing (2)]
  3146 | D:5      | HP: 1/67 [Duvessa/short sword of freezing (9)]
  3146 | D:5      | Slain by Duvessa

Dungeon Overview and Level Annotations

Branches:
Dungeon (5/15)
 Temple: D:4-7

Altars:

Annotations:
D:5 Duvessa


Message History

Dowan gestures at you while chanting. The puff of flame hits you!
You scratch Dowan.
Dowan is moderately wounded.
Dowan gestures at you while chanting. The puff of frost misses you.
You scratch Dowan.
Dowan is moderately wounded.
Dowan hits you but does no damage.
You claw Dowan!
Dowan is almost dead.
Dowan hits you but does no damage.
You mangle Dowan!!
You kill Dowan!
You hear a distant scream of rage.
Your Unarmed Combat skill increases to level 6!
No target in view!
No target in view!
No target in view!
No target in view!
No target in view!
No target in view!
No target in view!
No target in view!
No target in view!
No target in view!
No target in view!
No target in view!
No target in view!
No target in view!
No target in view!
No target in view!
Things that are here:
a dagger of speed; a robe You start resting.
HP restored.
Duvessa shouts!
Duvessa goes berserk!
Duvessa hits you with a short sword of freezing!
Duvessa freezes you.
Duvessa hits you with a short sword of freezing.
Duvessa freezes you.
Things that are here:
a dagger of speed; a robe You scratch Duvessa.
Duvessa is lightly wounded.
Duvessa hits you with a short sword of freezing!
Duvessa freezes you.
You scratch Duvessa.
Duvessa is lightly wounded.
Duvessa hits you with a short sword of freezing!
Duvessa freezes you.
You claw Duvessa!
Duvessa is moderately wounded.
Duvessa misses you. Duvessa closely misses you.
You closely miss Duvessa.
Duvessa is moderately wounded.
Duvessa hits you with a short sword of freezing.
You barely miss Duvessa.
Duvessa is moderately wounded.
Duvessa hits you with a short sword of freezing.
You closely miss Duvessa.
Duvessa is moderately wounded.
Duvessa hits you with a short sword of freezing!
Duvessa freezes you.
You aren't carrying any items that you can evoke.
Unknown command.
As you read the scroll labeled PULOCI JUSCH, it crumbles to dust.
The creatures around you are filled with an inner flame!
It was a scroll of immolation.
Duvessa hits you with a short sword of freezing. x2
Duvessa freezes you.
It was a potion of degeneration.
There was something very wrong with that liquid.
You feel weakened.
You feel dopey.
You feel clumsy.
Duvessa hits you with a short sword of freezing.
It was a potion of curing.
You feel better.
Duvessa hits you with a short sword of freezing!
Duvessa freezes you.
You die...

You could see Duvessa (berserk).

Vanquished Creatures
  Grinder (D:5)
  Sigmund (D:2)
  An ogre (D:5)
  A scorpion (D:5)
  Dowan (D:5)
  A crimson imp (D:3)
  2 orc priests
  An orc wizard (D:4)
  A centaur skeleton (D:4)
  Natasha (twice) (D:2)
  2 worker ants (D:4)
  A hound skeleton (D:4)
  3 adders
  A shadow imp (D:5)
  An adder skeleton (D:4)
  4 worms
  3 dart slugs
  2 giant geckos
  18 orcs
  6 giant cockroaches
  7 goblins
  3 hobgoblins
  10 jackals
  A quokka (D:2)
  8 bats
  6 giant newts
  7 kobolds
  6 rats
101 creatures vanquished.

Action                   |  1- 3 |  4- 6 |  7- 9 || total
-------------------------+-------+-------+-------++-------
Melee: Unarmed           |    94 |   139 |    60 ||   293
       Punch             |     1 |     3 |     1 ||     5
 Fire: Blowgun           |       |     1 |       ||     1
Throw: Throwing net      |       |       |     5 ||     5
  Use: Potion            |       |       |     2 ||     2
       Scroll            |       |       |     1 ||     1
 Stab: Sleeping          |     1 |     1 |       ||     2
       Distracted        |     1 |       |       ||     1
       Held in net/web   |       |       |     1 ||     1
  Eat: Chunk             |     7 |    21 |     6 ||    34
Armor: Robe              |    43 |    26 |     8 ||    77
Dodge: Dodged            |    53 |    75 |    24 ||   152

Vault maps used:
D:1:      lemuel_arrival_funnel
D:2:      first_bread, minivault_11, uniq_natasha, uniq_sigmund
D:4:      serial_shops, shop
D:5:      uniq_duvessa, uniq_grinder
